[Event "FIDE WCCC U10 2018"]
[Site "Santiago de Compostela"]
[Date "2018.11.07"]
[Round "3"]
[White "Materia, Marco"]
[Black "Pham, Tran Gia Phuc"]
[Result "1-0"]
[ECO "B22"]
[WhiteElo "2035"]
[BlackElo "1736"]
[Annotator "NA RC"]
[PlyCount "107"]
[EventDate "2018.11.04"]
[EventType "swiss"]
[EventCountry "ESP"]
[SourceTitle "playchess.com"]
[Source "ChessBase"]
[SourceQuality "1"]
[TimeControl "40/5400+30:1800+30"]

1. e4 c5 2. c3 Nf6 3. e5 Nd5 4. d4 cxd4 5. Nf3 e6 6. cxd4 d6 7. Bc4 Nb6 8. Bb3 dxe5 {[%emt 0:00:31] LiveBook: 217 Games} 9. Nxe5 Be7 {[%emt 0:03:42] B22: Sicilian: 2 c3} (9... Nc6 10. Qf3 Bb4+ 11. Nc3 O-O 12. Nxc6 bxc6 13. O-O Qxd4 14. Rd1 Qh4 15. Ne4 e5 16. Bg5 Qg4 17. a3 Qxf3 18. gxf3 {0-1 (32) Mamedov,R (2709)-Harikrishna,P (2744) Huaian 2017}) 10. O-O N8d7 11. Qg4 $146 ({Predecessor:} 11. Nc3 Nf6 12. Bf4 O-O 13. Rc1 Nbd5 14. Bg3 a6 15. Qe2 Nxc3 16. bxc3 {½-½ (60) Terao,J (2228)-Bruno,F (2425) Forni di Sopra 2016}) 11... O-O 12. Bh6 Bf6 13. Re1 Kh8 14. Bc1 Nd5 15. Nd2 N7b6 16. Ndf3 Bd7 17. Bd2 ({White should play} 17. a4 $16) 17... a5 {[%emt 0:03:13] [#]} (17... Ba4 $11 {keeps the balance.}) 18. Bc2 $1 g6 19. Rad1 Rc8 20. Bb1 Nc4 21. Bc1 Nd6 22. h4 h5 $2 {[%emt 0:06:11] [#]} (22... Be8 $11 {and Black is okay.}) 23. Qh3 $2 (23. Nxg6+ $1 $18 fxg6 24. Qxg6) 23... Nf5 (23... Kg7 $14) 24. g4 (24. Bxf5 $142 $1 exf5 25. Bh6) 24... hxg4 25. Qxg4 Ng7 26. Bh6 Qe7 27. h5 Nxh5 $2 (27... g5 28. Qe4 (28. Nxg5 Bxe5 29. dxe5 Rg8 $18) (28. Nxd7 Qxd7 29. Qe4 Nf5 $18) 28... Nf5) 28. Bxf8 $2 (28. Bxg6 $18 Ndf4 29. Bxf4 Nxf4 30. Qxf4) 28... Rxf8 29. Bxg6 Ndf4 $2 (29... Nhf4 $14 30. Nxd7 Qxd7) 30. Bxh5 Rg8 31. Bg6 $1 ({And not} 31. Nxf7+ Qxf7 32. Bxf7 Rxg4+ 33. Kh2 Bc6 $17) 31... Nxg6 32. Qh5+ Kg7 {[%emt 0:00:11] [#]} 33. Nxg6 $1 fxg6 34. Qc5 Qd8 $2 (34... Qxc5 35. dxc5 Bc6) 35. d5 exd5 (35... b6 $142 36. Qe3 (36. dxe6 bxc5 37. Rxd7+ Qxd7 $16) 36... exd5 37. Rxd5 Qc7) 36. Qxd5 Bc6 37. Qxd8 Rxd8 38. Rxd8 Bxd8 39. Nd4 Bd5 40. Ne6+ Bxe6 41. Rxe6 b5 42. Re5 b4 43. Rd5 Bb6 44. Rd6 Bc5 45. Ra6 Bd4 46. b3 Bb2 47. Kg2 Kh6 48. Rxa5 g5 49. Kg3 Bc1 50. Kg4 Kg6 51. Rb5 Bd2 52. Rd5 Bc3 53. Rxg5+ $18 (53. Rd6+ $142 Bf6 54. Rb6) 53... Kf6 54. Rb5 1-0

[Event "FIDE WCCC U10 2018"]
[Site "Santiago de Compostela"]
[Date "2018.11.07"]
[Round "3"]
[White "Xue, Haowen"]
[Black "Cohen, Elad"]
[Result "1-0"]
[ECO "A40"]
[WhiteElo "2025"]
[BlackElo "1649"]
[Annotator "NA RC"]
[PlyCount "123"]
[EventDate "2018.11.04"]
[EventType "swiss"]
[EventCountry "ESP"]
[SourceTitle "playchess.com"]
[Source "ChessBase"]
[SourceQuality "1"]
[TimeControl "40/5400+30:1800+30"]

1. d4 Nf6 2. c4 e6 3. g3 Bb4+ 4. Bd2 Qe7 5. Bg2 Nc6 6. e3 Bxd2+ 7. Qxd2 d5 {[%emt 0:01:20] LiveBook: 9 Games E00: Katalanisch} 8. Nc3 (8. Ne2 $14) (8. Nf3 dxc4 9. O-O e5 10. Nxe5 Nxe5 11. dxe5 Qxe5 12. Na3 Be6 13. Rac1 Ne4 14. Qd4 Qxd4 15. exd4 {½-½ (52) Goryachkina,A (2493)-Ivanchuk,V (2726) Caleta 2018}) 8... dxc4 9. Nf3 O-O 10. O-O e5 11. dxe5 Nxe5 12. Qd4 $146 ({Vorgänger:} 12. Nxe5 Qxe5 13. Qe2 Qc5 14. Rfc1 {½-½ (42) Schmid,R (2249)-Meins,G (2443) Verden an der Aller 2014}) 12... Nxf3+ $1 13. Bxf3 c6 (13... Be6 $15) 14. Qxc4 Be6 15. Qf4 Rfd8 16. Rfd1 h6 17. h4 Rxd1+ 18. Rxd1 Rd8 19. Rd4 Rxd4 20. Qxd4 a6 21. Kf1 Qd7 22. Qxd7 Nxd7 23. Ke1 Ne5 24. Be2 Bc4 25. f4 Nd3+ (25... Bxe2 $11 26. Kxe2 Nd7) 26. Bxd3 $1 Bxd3 27. Kd2 Bf5 28. e4 Bc8 29. Ke3 Kf8 30. Kd4 b6 31. Na4 b5 32. Nc3 Ke7 33. Kc5 Kd7 34. Kb6 (34. Ne2 $18) 34... f6 35. b4 Kd6 36. a4 Bh3 (36... bxa4 $16 {was worth a try.} 37. Nxa4 Bh3) 37. Kxa6 (37. a5 $18) 37... bxa4 38. Nxa4 Kc7 39. Ka5 g5 40. Nc5 gxh4 41. gxh4 Bg4 42. Ka4 Kb6 43. Kb3 Kc7 44. Kc4 Kd6 45. Kd4 Be2 46. Ke3 Bg4 47. Nd3 Bh5 48. f5 Bf7 49. Kf4 Bc4 50. e5+ Ke7 51. exf6+ Kxf6 52. Ne5 Bd5 53. Ng4+ Kg7 54. Ke5 Bf3 55. f6+ Kh7 56. f7 Kg7 {[%emt 0:00:04] [#]} 57. Nxh6 $1 Bd5 {[%emt 0:01:51] [#]} 58. b5 $1 Bf3 59. b6 c5 60. Nf5+ Kxf7 61. Nd6+ Kg6 62. Ne4 1-0

[Event "FIDE WCCC U10 2018"]
[Site "Santiago de Compostela"]
[Date "2018.11.07"]
[Round "3"]
[White "Mardov, Dimitar"]
[Black "Silva, Daniel Frederico V"]
[Result "1/2-1/2"]
[ECO "C50"]
[WhiteElo "1985"]
[BlackElo "1693"]
[Annotator "NA RC"]
[PlyCount "58"]
[EventDate "2018.11.04"]
[EventType "swiss"]
[EventCountry "ESP"]
[SourceTitle "playchess.com"]
[Source "ChessBase"]
[SourceQuality "1"]
[TimeControl "40/5400+30:1800+30"]

1. e4 e5 2. Nf3 Nc6 3. Bc4 Bc5 4. O-O Nf6 5. d3 O-O 6. h3 {[%emt 0:00:40] C50: Italienische Partie} h6 7. Re1 Re8 8. c3 d6 9. Bb3 a6 {[%emt 0:04:21] LiveBook: 80 Games} 10. Nbd2 Be6 11. Bc2 d5 12. exd5 Bxd5 13. a4 $146 ({Vorgänger:} 13. b4 Bf8 14. Bb2 Qd7 15. Nf1 Rad8 16. Ng3 g6 17. a4 b5 18. Nd2 {1-0 (53) Hou,Y (2663)-Fressinet,L (2687) Almaty 2016}) 13... a5 14. Qe2 Qd7 15. Rd1 Rad8 16. Ne4 Bxe4 (16... Be7 $15) 17. dxe4 Qe6 18. Bd2 Rd7 19. Qb5 Bb6 20. Bb3 Qe7 21. Qe2 Red8 22. Re1 Nh5 23. Bd5 Nb8 24. Be3 ({Avoid the trap} 24. Bxb7 $2 c6 $19) ({White should play} 24. Bc1 $11) 24... Bxe3 25. Qxe3 Nf4 $1 26. Bc4 ({Wrong is} 26. Bxb7 $2 Rd3 $19) 26... Rd3 (26... b6 $15 27. g3 {[#]} Rd3 $1 28. Bxd3 Rxd3 29. gxf4 Rxe3 30. fxe3 Na6) 27. Bxd3 Rxd3 28. Qc1 $2 {[%emt 0:02:04] [#]} (28. Qa7 $11 {and White stays safe.} Rxf3 29. Qxb8+ Kh7 30. Qc8 (30. Qxb7 {leads to mate.} Qg5 31. g4 Qh4 32. Qb6 cxb6 33. Kh2 Qxh3+ 34. Kg1 Qg2#)) 28... Rxf3 $1 29. Qd1 $19 Rd3 1/2-1/2

[Event "FIDE WCCC U10 2018"]
[Site "Santiago de Compostela"]
[Date "2018.11.07"]
[Round "3"]
[White "Volkov, Maksim"]
[Black "Pashikyan, Rudolf"]
[Result "1-0"]
[ECO "D00"]
[WhiteElo "1971"]
[BlackElo "1672"]
[Annotator "NA RC"]
[PlyCount "61"]
[EventDate "2018.11.04"]
[EventType "swiss"]
[EventCountry "ESP"]
[SourceTitle "playchess.com"]
[Source "ChessBase"]
[SourceQuality "1"]
[TimeControl "40/5400+30:1800+30"]

1. d4 d5 2. Bf4 c6 3. e3 Bf5 4. c4 {[%emt 0:00:40] D00: Damenbauernspiele} e5 (4... e6 $11) 5. Bxe5 Bxb1 6. Qxb1 Qa5+ {[%emt 0:01:36] [#]} 7. Kd1 $1 Nd7 8. Bg3 dxc4 $146 ({Vorgänger:} 8... c5 9. Nf3 Ngf6 10. a3 cxd4 11. exd4 Be7 {1-0 (39) Berkes,F (2645)-Lupulescu,C (2594) Dresden 2008}) 9. Bxc4 Ngf6 10. Nf3 Be7 11. Ke2 b5 12. Bd3 b4 13. Ne5 Nxe5 14. Bxe5 c5 15. Rc1 cxd4 16. exd4 O-O 17. Kf1 h6 (17... Rac8 $16 {was necessary.} 18. b3 g6 19. Rxc8 Rxc8) 18. Qc2 Nd5 (18... Qd8 $16 {was necessary.} 19. Qe2 Rc8 20. Rxc8 Qxc8) 19. Qe2 f6 $2 (19... Qb6 {is a better chance.} 20. Qe4 Qg6 21. Qxg6 fxg6 22. Bxg6 Bg5) 20. Bg3 f5 (20... Kh8 $142 21. Qe6 f5) 21. Be5 Rae8 22. Bb5 Rd8 $2 (22... Rc8 23. Rxc8 Rxc8) 23. Bc4 $2 (23. Rc6) 23... Kh7 24. Re1 Bf6 25. Qf3 Bg5 (25... Qb6 $142 26. Bxd5 (26. Qxf5+ g6 $18) 26... Qb5+ 27. Kg1 Qxd5 28. Qxf5+ Kg8) 26. Rad1 Kh8 (26... Qa4 {keeps fighting.} 27. g3 (27. Bxd5 Qb5+ 28. Re2 Qxd5 $16) 27... Qd7) 27. Kg1 Kh7 28. g3 f4 $2 (28... Kh8 29. Bd3 Qb6) 29. Qe4+ Kh8 30. Qg6 (30. Bd3 $142 Rf5 31. Qxf5 Nf6 32. Qg6 Qc7 33. Bxc7 Rf8 34. Re7 Rg8 35. Be5 fxg3 36. Bxf6 gxf2+ 37. Kf1 gxf6 38. Qh7#) 30... Rd7 31. Bd3 1-0

[Event "FIDE WCCC U10 2018"]
[Site "Santiago de Compostela"]
[Date "2018.11.07"]
[Round "3"]
[White "Zhao, Erick"]
[Black "Li, Shanglin"]
[Result "1/2-1/2"]
[ECO "B21"]
[WhiteElo "1957"]
[BlackElo "1659"]
[Annotator "NA RC"]
[PlyCount "114"]
[EventDate "2018.11.04"]
[EventType "swiss"]
[EventCountry "ESP"]
[SourceTitle "playchess.com"]
[Source "ChessBase"]
[SourceQuality "1"]
[TimeControl "40/5400+30:1800+30"]

1. e4 c5 2. d4 cxd4 3. c3 d3 4. Bxd3 Nc6 5. Nf3 d6 6. c4 {[%emt 0:00:33] B21: Sicilian: 2 f4 and Morra Gambit} (6. O-O Nf6 7. h3 g6 8. Qe2 Bg7 9. Rd1 Nd7 10. Be3 O-O 11. Nbd2 b6 12. Nd4 Nce5 13. Ba6 Nc5 14. Bxc8 Qxc8 15. N4f3 Nxf3+ 16. Qxf3 {½-½ (37) Petrov,N (2490)-Bernadskiy,V (2549) Riga 2016}) 6... g6 7. O-O Bg7 8. h3 Nf6 9. Nc3 O-O 10. Be3 {[%emt 0:00:40] LiveBook: 63 Partien} Nd7 11. Rc1 Nc5 12. Bb1 Be6 13. Qe2 Qb6 $146 ({Predecessor:} 13... Rc8 14. Nd5 {½-½ (45) Boucquet,E (2176)-Pescatore,L (2352) Amantea 2018}) 14. b3 Rac8 15. Rfd1 a6 16. Qd2 ({White should try} 16. Nd5 $16 Bxd5 17. exd5 (17. cxd5 Ne5 $16)) 16... Rfd8 $2 $11 {[%emt 0:02:40] bleibt in der Remisbreite.} (16... Qa5 $14) 17. Na4 $2 (17. Nd5 $18 Bxd5 18. cxd5) 17... Qc7 18. Nc3 Qb8 19. Nd5 Bxd5 20. exd5 Ne5 {[%emt 0:01:21] [#]} 21. Nxe5 ({White should try} 21. Nd4 $1) 21... Bxe5 22. b4 Nd7 (22... Na4 $14) 23. Be4 Bg7 24. f4 b6 25. Rc2 Rc7 26. Rdc1 Rdc8 27. Qf2 Rb7 28. Bf3 a5 29. a3 Qa7 30. Bg4 axb4 31. axb4 f5 32. Ra2 Qb8 33. Bf3 Rbc7 34. Rac2 Qa7 35. Bd4 (35. Qd2 $16) 35... Qa3 36. Bxg7 $1 ({Much weaker is} 36. Bxb6 Nxb6 37. Qxb6 Qb3 $15) 36... Kxg7 37. Qd4+ Kg8 38. Qd2 Nf6 39. Ra2 (39. Kh2 $5 Ra8 40. Rb2 $11) 39... Qb3 40. Rb2 Qa4 41. Ra2 Qd7 42. Qd4 Ra7 43. Rca1 Rca8 44. Rxa7 Rxa7 45. Re1 Rb7 46. c5 bxc5 47. bxc5 dxc5 48. Qxc5 Rc7 49. Qd4 Rc6 50. Kh2 Rd6 51. Rd1 Kf7 52. Qc4 Kg7 53. Re1 Nxd5 54. Bxd5 Rxd5 {[%emt 0:00:01] [#]} 55. Rxe7+ $1 Qxe7 56. Qxd5 Qe3 57. Qd7+ Kg8 $11 1/2-1/2

[Event "FIDE WCCC U10 2018"]
[Site "Santiago de Compostela"]
[Date "2018.11.07"]
[Round "3"]
[White "Jin Yueheng"]
[Black "Nesterenko, Kyrylo"]
[Result "1-0"]
[ECO "A32"]
[WhiteElo "1914"]
[BlackElo "1616"]
[Annotator "NA RC"]
[PlyCount "99"]
[EventDate "2018.11.04"]
[EventType "swiss"]
[EventCountry "ESP"]
[SourceTitle "playchess.com"]
[Source "ChessBase"]
[SourceQuality "1"]
[TimeControl "40/5400+30:1800+30"]

1. d4 Nf6 2. c4 c5 3. Nf3 cxd4 4. Nxd4 e6 5. e3 Nc6 6. Nc3 Be7 7. Be2 {[%emt 0:00:07] A33: Englische Eröffnung (Symmetrische Variante)} O-O 8. O-O d6 (8... d5 9. cxd5 exd5 10. b3 Qa5 11. Bb2 Nxd4 12. Qxd4 Be6 13. a3 Qc5 14. Nb5 Qxd4 15. Nxd4 Rfc8 16. Rac1 a6 17. Bd3 g6 18. b4 Rxc1 19. Rxc1 {1-0 (55) Bacallao Alonso,Y (2580)-Ortiz Suarez,I (2572) Havana 2012}) 9. b3 a6 10. Bb2 {[%emt 0:04:01] LiveBook: 14 Partien} Bd7 11. Bf3 Qc7 12. g3 $146 ({Vorgänger:} 12. Nxc6 bxc6 13. Rc1 Rad8 14. Qd4 e5 {0-1 (56) Bemporad,F (2079)-Roy Chowdhury,S (2391) Bratto 2012}) 12... Rac8 13. Rc1 Rfd8 14. Qe2 Ne8 15. Rfd1 Qb8 16. Nxc6 Bxc6 17. Bxc6 bxc6 18. c5 d5 19. Qxa6 Bxc5 (19... Nf6 $14) 20. Na4 Bf8 21. Rxc6 Rxc6 22. Qxc6 Rc8 23. Qa6 Rc2 24. Qd3 Qc8 $2 {[%emt 0:01:30] [#]} (24... Rc6 $16 {was necessary.}) 25. Rd2 (25. Nb6 $1 $18 Qc6 {[#]} 26. Nc4 $1 ) 25... Rc6 26. Qb1 Nf6 27. Rd1 Ne4 28. Rc1 Rxc1+ (28... d4 $1 $11) 29. Qxc1 Qa6 30. Qc2 Bb4 31. Qd1 h6 32. Kg2 Be7 33. Qc2 Qb7 34. Kg1 ({White should try} 34. Bd4 $16) 34... Qa6 ({Black should try} 34... d4 $11) 35. Nc3 (35. f3 $16 Nd6 36. g4) 35... Bf6 $2 (35... Qc6 $14) 36. Nxe4 Bxb2 37. Qxb2 dxe4 38. b4 Qd3 39. Qc1 Qb5 40. Qb1 f5 41. Qb3 Kf7 42. a4 Qb6 43. b5 g5 44. Qc4 Qa5 45. Qd4 Qe1+ (45... f4 $142 46. exf4 gxf4 47. Qxe4 fxg3 48. hxg3 Ke7) 46. Kg2 h5 47. b6 h4 48. gxh4 gxh4 49. h3 Qb1 50. Qd7+ 1-0

[Event "FIDE WCCC U10 2018"]
[Site "Santiago de Compostela"]
[Date "2018.11.07"]
[Round "3"]
[White "Uritsky, Yonathan"]
[Black "Bakhrillaev, Bakhrom"]
[Result "1-0"]
[ECO "A20"]
[WhiteElo "1902"]
[BlackElo "1587"]
[Annotator "NA RC"]
[PlyCount "81"]
[EventDate "2018.11.04"]
[EventType "swiss"]
[EventCountry "ESP"]
[SourceTitle "playchess.com"]
[Source "ChessBase"]
[SourceQuality "1"]
[TimeControl "40/5400+30:1800+30"]

1. c4 e5 2. g3 Nf6 3. Bg2 Nc6 4. Nc3 Bc5 5. Nf3 e4 (5... O-O $11) 6. Nh4 {[%emt 0:07:19] LiveBook: 3 Games A29: Englische Eröffnung (Vierspringer-Variante)} (6. Ng5 Bxf2+ 7. Kxf2 Ng4+ 8. Kg1 Qxg5 9. Nxe4 Qe5 10. e3 d6 11. d4 Qe7 12. Qf3 f5 13. Nc3 Nb4 {1-0 (51) Maksimovic,B (2324)-Stamatovic,A (2180) Belgrade 2016}) 6... g5 7. Nf5 (7. d4 Bxd4 8. Bxg5 h6) 7... d6 $146 ({Vorgänger:} 7... d5 8. cxd5 Nxd5 9. Bxe4 Bxf5 10. Bxf5 Nxc3 11. bxc3 Ne7 12. Qa4+ c6 13. Qe4 h5 {1-0 (25) Sellen,I (2026)-Stoeveken,P (1584) Wellington 2010}) 8. Ne3 Bxe3 9. dxe3 Bf5 10. b3 Kd7 (10... Rf8 $16) 11. Bb2 Re8 12. h4 g4 13. Nd5 Ne5 14. Qd4 Nxd5 15. Qxd5 c6 16. Qd4 h5 17. O-O-O Kc7 18. Bxe4 Bxe4 19. Qxe4 Qf6 20. Qf4 Qxf4 21. exf4 Nd7 22. Rhe1 Nc5 23. Bd4 Ne4 24. Rd3 Re6 25. f5 Ree8 26. Red1 (26. Rg1 $16) 26... Re7 27. Be3 Re5 28. f6 (28. Bf4 $16 Rxf5 29. Re3 (29. Bxd6+ Nxd6 30. Rxd6 Re8 $11) 29... Rxf4 30. gxf4 Nxf2 31. Rf1) 28... Rf5 {[%emt 0:01:31] [#]} ({Better is} 28... Rd8 $14) 29. Rd4 $2 {[%emt 0:05:57] [#]} (29. f3 $1 $16 gxf3 30. exf3 Rxf3 {[#]} 31. Bb6+ $1 axb6 32. Rxf3) 29... Re8 $1 30. Bf4 Rxf6 31. c5 Ree6 32. cxd6+ Nxd6 $2 ({Better is} 32... Kd7 $11) 33. e4 Rg6 $2 (33... Rxf4 $16 {is a better defense.} 34. gxf4 Nxe4) 34. e5 Nb5 35. Rd7+ Kb6 36. Rxf7 Nc3 37. Rdd7 Rg8 38. Rxb7+ $18 Kc5 39. Be3+ Kd5 40. Rbd7+ Ke4 41. Rf4+ {[%emt 0:00:24] Kd5} 1-0

[Event "FIDE WCCC U10 2018"]
[Site "Santiago de Compostela"]
[Date "2018.11.07"]
[Round "3"]
[White "Vetokhin, Savva"]
[Black "Seder, Mohamad"]
[Result "1-0"]
[ECO "B36"]
[WhiteElo "1874"]
[BlackElo "1653"]
[Annotator "NA RC"]
[PlyCount "74"]
[EventDate "2018.11.04"]
[EventType "swiss"]
[EventCountry "ESP"]
[SourceTitle "playchess.com"]
[Source "ChessBase"]
[SourceQuality "1"]
[TimeControl "40/5400+30:1800+30"]

1. e4 c5 2. Nf3 g6 3. d4 cxd4 4. Nxd4 Nc6 5. c4 Nf6 6. Nc3 d6 7. Be2 Bg7 8. Be3 O-O 9. O-O Nxd4 10. Bxd4 Bd7 11. f3 a5 {[%emt 0:04:42] LiveBook: 141 Games B38: Sizilianisch (Maroczy-Aufbau)} 12. Nd5 (12. b3 Bc6 13. Qd2 Nd7 14. Be3 Nc5 15. Rab1 Qb6 16. Rfc1 Rfc8 17. Rc2 Qb4 18. Qc1 Qb6 19. Kh1 h5 20. a3 Qd8 21. Qd2 Kh7 22. Bf1 Qf8 23. b4 axb4 24. axb4 Na4 25. Ne2 {1-0 (55) Navara,D (2734)-Mamedov,R (2650) Huaian 2016}) 12... Nxd5 13. cxd5 Rc8 $146 ({Vorgänger:} 13... a4 14. Bxg7 Kxg7 15. Qd4+ Kg8 16. Rac1 Qa5 17. Rc3 Rac8 18. Rfc1 Rxc3 19. Rxc3 {0-1 (46) Raja,H (2377)-Annaberdiev,M (2485) Warsaw 2017}) 14. Bxg7 Kxg7 15. Qd4+ Kg8 16. Rac1 Rc7 17. Qe3 Qb8 18. Rxc7 Qxc7 19. Rc1 Qb8 {[%emt 0:00:25] [#]} (19... Qd8 $11 {remains equal.}) 20. Qb6 $1 Rc8 21. Rxc8+ Qxc8 22. Qxa5 Qc2 23. Kf2 Be8 24. Qc3 Qa4 25. a3 f6 26. Kg3 g5 27. Qc8 (27. Kf2 $16) 27... h5 $2 (27... Kf7 $11 {and Black stays safe.}) 28. h3 (28. Qxb7 $16 Kf7 29. Kf2) 28... Kf7 $1 29. Qxb7 h4+ $2 {[%emt 0:01:18] [#]} (29... Qd4 $11 {and Black is okay.} 30. Kh2 Qd2) 30. Kf2 $1 Qd4+ 31. Kf1 Qc5 32. Qb4 Qc1+ 33. Kf2 Kg6 (33... Bd7 $142 34. Qd4 Qc2) 34. Qc3 Qxc3 $18 (34... Qb1 {was worth a try.} 35. b3 Qh1) 35. bxc3 f5 36. Ke3 Bd7 37. Kd4 Bc8 1-0

[Event "FIDE WCCC U10 2018"]
[Site "Santiago de Compostela"]
[Date "2018.11.07"]
[Round "3"]
[White "Todev, Simeon"]
[Black "Lomtadze, Davit"]
[Result "1/2-1/2"]
[ECO "B32"]
[WhiteElo "1767"]
[BlackElo "1595"]
[Annotator "NA RC"]
[PlyCount "108"]
[EventDate "2018.11.04"]
[EventType "swiss"]
[EventCountry "ESP"]
[SourceTitle "playchess.com"]
[Source "ChessBase"]
[SourceQuality "1"]
[TimeControl "40/5400+30:1800+30"]

1. e4 c5 2. Nf3 Nc6 3. d4 cxd4 4. Nxd4 e5 5. Nb5 d6 6. N1c3 a6 7. Na3 b5 8. Nd5 Nf6 9. Bg5 Be7 10. Bxf6 Bxf6 11. c3 Bg5 12. Nc2 O-O 13. a4 Rb8 14. axb5 axb5 15. Nce3 b4 16. Bc4 bxc3 17. bxc3 Be6 18. Nf5 Bxf5 19. exf5 Ne7 20. h4 Bh6 21. f6 Nxd5 22. fxg7 Bxg7 23. Bxd5 e4 24. Rc1 Rc8 25. c4 Qa5+ 26. Kf1 Rfe8 27. Qh5 Qa7 28. Re1 Re5 29. Qg4 Rce8 30. h5 h6 31. Rh3 Kh8 32. Rhe3 f5 33. Qg6 Qe7 34. g3 Qf6 35. Rb3 R5e7 36. Qxf6 Bxf6 37. Rb6 Be5 38. c5 dxc5 39. Rxh6+ Kg7 40. Rg6+ Kh7 41. Rb1 Rb8 42. Rxb8 Bxb8 43. Bg8+ Kh8 44. Be6 f4 45. Rg8+ Kh7 46. Rxb8 Rxe6 47. gxf4 Rf6 48. Rc8 Rxf4 49. Ke2 Rf5 50. Ke3 Rf3+ 51. Kxe4 Rxf2 52. Rc6 Rh2 53. Kd5 Rxh5+ 54. Kc4 Rh6 1/2-1/2

[Event "FIDE WCCC U10 2018"]
[Site "Santiago de Compostela"]
[Date "2018.11.07"]
[Round "3"]
[White "Nemsadze, Daviti"]
[Black "Lyakh, Vasiliy"]
[Result "1-0"]
[ECO "A25"]
[WhiteElo "1762"]
[BlackElo "1363"]
[Annotator "NA RC"]
[PlyCount "77"]
[EventDate "2018.11.04"]
[EventType "swiss"]
[EventCountry "ESP"]
[SourceTitle "playchess.com"]
[Source "ChessBase"]
[SourceQuality "1"]
[TimeControl "40/5400+30:1800+30"]

1. c4 e5 2. Nc3 Nc6 3. g3 Bc5 4. Bg2 d6 5. d3 Nf6 6. e3 a6 7. Nge2 O-O 8. O-O Bg4 9. a3 Rb8 10. b4 Bb6 11. Bb2 Qd7 12. Nd5 Nxd5 13. cxd5 Ne7 14. Qd2 Rfe8 15. Kh1 h6 16. f3 Bh3 17. e4 Bxg2+ 18. Kxg2 c6 19. dxc6 bxc6 20. d4 Ng6 21. Rfd1 Rbd8 22. Rac1 d5 23. Qc3 Re6 24. dxe5 f6 25. exf6 Rxf6 26. e5 Nxe5 27. Qc2 Re6 28. Nf4 Nc4 29. Qxc4 dxc4 30. Rxd7 Rxd7 31. Nxe6 Rd2+ 32. Kh3 Rxb2 33. Rxc4 Bg1 34. Rxc6 h5 35. Kh4 Rxh2+ 36. Kg5 Rg2 37. Kxh5 Rxg3 38. Ng5 Kf8 39. Rg6 1-0

[Event "FIDE WCCC U10 2018"]
[Site "Santiago de Compostela"]
[Date "2018.11.07"]
[Round "3"]
[White "Giang, Tran Nam"]
[Black "Zhong, Kevin"]
[Result "0-1"]
[ECO "B38"]
[WhiteElo "1747"]
[BlackElo "2038"]
[Annotator "NA RC"]
[PlyCount "146"]
[EventDate "2018.11.04"]
[EventType "swiss"]
[EventCountry "ESP"]
[SourceTitle "playchess.com"]
[Source "ChessBase"]
[SourceQuality "1"]
[TimeControl "40/5400+30:1800+30"]

1. e4 c5 2. Nf3 g6 3. d4 cxd4 4. Nxd4 Bg7 5. c4 Nc6 6. Be3 Nf6 7. Nc3 d6 8. Be2 O-O 9. O-O Bd7 10. f3 Nxd4 11. Bxd4 a5 12. b3 Bc6 13. Qd2 Nd7 14. Be3 Nc5 15. Rab1 {[%emt 0:00:19] LiveBook: 931 Games} e6 16. Rfd1 {[%emt 0:02:42] B38: Sicilian: Maroczy Bind with 5...Bg7 and 7...0-0} Be5 17. Bf1 Qh4 $1 18. g3 Qf6 {[%emt 0:00:11] [#]} 19. Ne2 $146 ({Predecessor:} 19. Bd4 $15 Qxf3 20. Bg2 Qf6 21. Bxe5 dxe5 22. Qd6 Nd7 23. Rf1 Qd8 {½-½ (34) Kryvoruchko,Y (2707)-Iturrizaga Bonelli,E (2653) Dubai 2014}) 19... Qxf3 20. Bg2 Qh5 ({Black should play} 20... Nxe4 $19 21. Bxf3 Nxd2 22. Bxc6 Nxb1 23. Bxb7 Rab8) 21. Bxc5 (21. Qc2 $17) 21... dxc5 22. Qe3 Bg7 23. Nf4 Qe5 24. Nd3 Qd4 25. Qxd4 Bxd4+ 26. Kf1 (26. Kh1 $142) 26... Rad8 27. Rbc1 (27. e5 {might work better.}) 27... b6 ({Black should play} 27... e5 $19 28. Rc2 Rd6) 28. a4 (28. e5 $17 {was forced.} Ba8 29. Bxa8 Rxa8 30. a4) 28... Rd7 29. Nf4 Rfd8 30. Ke2 h5 31. Rd3 Be5 32. Rxd7 Rxd7 33. Nd3 Bg7 34. Bh1 Rd4 35. e5 Bxh1 36. Rxh1 Kf8 37. Re1 h4 38. Ke3 Bh6+ 39. Ke2 hxg3 40. hxg3 Re4+ (40... Kg7 $19 {has better winning chances.} 41. Rd1 Re4+ 42. Kf1 Re3) 41. Kf3 Rd4 (41... Rxe1 $17 42. Nxe1 Bd2) 42. Ke2 Bg5 43. Rh1 Kg7 44. Rf1 Re4+ 45. Kf2 Rd4 $2 (45... Re3 $19 46. Rd1 f6 47. exf6+ Kf7) 46. Ke2 Bh6 47. Rf3 Kf8 48. Rf1 $2 (48. Nf2 $17 {was called for.}) 48... Re4+ 49. Kf2 Bg7 50. Kf3 Rd4 51. Ke3 Kg8 52. Rf3 (52. Rh1 $17 {was called for.}) 52... Bh6+ 53. Ke2 Re4+ 54. Kf2 Bg5 55. Kg2 (55. Ne1 $142) 55... Be3 56. Rf1 Bd4 57. Rd1 Re3 58. Rd2 (58. Kh3 {might work better.}) 58... Kf8 59. Nc1 Rxe5 60. Re2 (60. Ne2 $142 Re3 61. Nxd4 cxd4 62. Rxd4) 60... Rxe2+ 61. Nxe2 Be5 62. Kf3 f5 63. g4 g5 64. gxf5 exf5 65. Nc1 Kf7 66. Nd3 Kf6 67. Nf2 g4+ 68. Kg2 Bd4 69. Nd3 Kg5 70. Kg3 Bf6 71. Kf2 f4 72. Ne1 Bd4+ 73. Kg2 f3+ 0-1

[Event "FIDE WCCC U10 2018"]
[Site "Santiago de Compostela"]
[Date "2018.11.07"]
[Round "3"]
[White "Anand, Batsukh"]
[Black "Xiao, Tong"]
[Result "0-1"]
[ECO "B40"]
[WhiteElo "1746"]
[BlackElo "2022"]
[Annotator "NA RC"]
[PlyCount "70"]
[EventDate "2018.11.04"]
[EventType "swiss"]
[EventCountry "ESP"]
[SourceTitle "playchess.com"]
[Source "ChessBase"]
[SourceQuality "1"]
[TimeControl "40/5400+30:1800+30"]

1. e4 c5 2. Nf3 e6 3. g3 a6 {[%emt 0:02:00] B40: Sicilian: 2...e6, Unusual lines} (3... Nc6 4. Bg2 Nf6 5. Qe2 Be7 6. O-O O-O 7. Rd1 e5 8. c3 Re8 9. Na3 Bf8 10. d3 d5 11. exd5 Nxd5 12. Ng5 h6 13. Ne4 f5 {1-0 (65) Artemiev,V (2706)-Morozevich,A (2656) Sochi 2018}) 4. Bg2 Nc6 5. O-O d6 6. c3 {[%emt 0:02:13] LiveBook: 3 Games} Nf6 7. Qe2 Be7 8. Rd1 O-O 9. d3 Qc7 10. a3 $146 ({Predecessor:} 10. d4 cxd4 11. cxd4 d5 12. exd5 Nxd5 {1-0 (37) Jimenez,L (1840)-Suasnabar,J (2022) Bogota 2014}) 10... b5 11. b4 Bb7 12. bxc5 dxc5 13. Bf4 e5 14. Be3 Na5 15. Nbd2 Nd7 16. Ng5 (16. a4 $11) 16... h6 17. Nh3 Nb6 18. f4 Na4 19. Rdc1 c4 20. dxc4 bxc4 21. fxe5 {[%emt 0:08:08] [#]} Nb3 $1 ({Don't play} 21... Qxe5 22. Bd4 $15) 22. Qxc4 Qxc4 23. Nxc4 Nxa1 24. Rxa1 Nxc3 25. Nf2 a5 26. Bb6 (26. Bh3 $17 {war angesagt.}) 26... a4 27. Nd6 Ba6 28. Kh1 (28. Nf5 $142 Rfe8 29. Ng4) 28... Rab8 29. Ba5 Rb1+ 30. Rxb1 Nxb1 31. Bb4 Rb8 32. Bc5 {[%emt 0:03:33] [#]} Nxa3 $1 33. h4 Nc4 34. Nd3 a3 35. Nxc4 $19 Bxc5 0-1